 Dungeon Crawl Stone Soup version 0.32-a0-909-gc671339a80 (webtiles) character file.

Game seed: 17549824899837613767

1595773 Jannitor the Slayer (level 26, 259/259 HPs)
             Began as a Pale Draconian Berserker on Mar 30, 2024.
             Was the Champion of Trog.
             Escaped with the Orb
             ... and 3 runes on Apr 7, 2024!
             The game lasted 02:47:11 (78184 turns).

Jannitor the Slayer (Pale Draconian Berserker)     Turns: 78184, Time: 02:47:11

Health: 259/259    AC: 23    Str: 23    XL:     26   Next: 90%
Magic:  23/23      EV: 32    Int: 15    God:    Trog [******]
Gold:   3530       SH: 33    Dex: 24    Spells: 25/25 levels left

rFire   + . .        G - +2 Maxwell's thermic engine {flame, freeze, rev}
rCold   . . .        M - +3 tower shield {AC+3}
rNeg    + + .        (body armour unavailable)
rPois   +            N - +0 hat of the Trout {rF+}
rElec   .            d - +2 cloak {rCorr}
rCorr   +            p - +2 pair of gloves {hurl}
SInv    .            Y - +1 pair of boots "Coceg" {+Blink rPois Dex-2}
Will    ++...        w - amulet of Efeal {Reflect Rampage rN++ Regen+ Str-2 SH+5}
Stlth   +            k - ring "Uneikot" {Will+ rCorr Int+2 Dex+6}
HPRegen 1.43/turn    C - ring "Doibryef" {rPois EV+5 Str+2 Int+2}
MPRegen 0.18/turn

%: reflection, rampage
@: maw-form
A: devouring maw, steam breath, AC +12, unfitting armour, cold-blooded, steam
resistance, hooves 1, weak 1, evolution 1
0: Orb of Zot
}: 3/15 runes: serpentine, barnacled, silver
a: Steam Breath, Begin Untransformation, Renounce Religion, Evoke Blink,
Berserk, Trog's Hand, Brothers in Arms


You escaped.
You worshipped Trog.
Trog was exalted by your worship.
You were a creature with a mouth for a stomach.
You visited 10 branches of the dungeon, and saw 50 of its levels.
You visited 1 bazaar.
You also visited: Trove, Ossuary, Volcano and Wizlab.

You collected 10501 gold pieces.
You spent 6971 gold pieces at shops.

Inventory:

Hand Weapons
 G - the +2 Maxwell's thermic engine (weapon) {flame, freeze, rev}
   (You took it off a fire giant in a wizard's laboratory)
Missiles
 m - 57 boomerangs
 y - 3 javelins (quivered)
 B - 34 curare-tipped darts
 H - 5 silver javelins
 L - 6 throwing nets
Armour
 d - a +2 cloak of preservation (worn)
 p - a +2 pair of gloves of hurling (worn)
 M - a +3 tower shield of protection (worn)
 N - the +0 hat of the Trout (worn) {rF+}
   (You found it on level 3 of the Elven Halls)

   rF+:       It protects you from fire.
 Y - the +1 pair of boots "Coceg" (worn) {+Blink rPois Dex-2}
   (You found it in a treasure trove)

   Dex-2:     It affects your dexterity (-2).
   rPois:     It protects you from poison.
   +Blink:    It lets you blink.
Jewellery
 h - the ring "Beluocs" {rElec rPois rCorr Str-4 Int+3}
   (You took it off a vault guard on level 5 of the Vaults)

   [ring of poison resistance]

   Str-4:     It affects your strength (-4).
   Int+3:     It affects your intelligence (+3).
   rElec:     It insulates you from electricity.
   rPois:     It protects you from poison.
   rCorr:     It protects you from acid and corrosion.
 j - a +4 ring of slaying
 k - the ring "Uneikot" (left hand) {Will+ rCorr Int+2 Dex+6}
   (You found it in a treasure trove)

   [ring of dexterity]

   Int+2:     It affects your intelligence (+2).
   Dex+6:     It affects your dexterity (+6).
   Will+:     It increases your willpower.
   rCorr:     It protects you from acid and corrosion.
 w - the amulet of Efeal (around neck) {Reflect Rampage rN++ Regen+ Str-2 SH+5}
   (You found it on level 3 of the Crypt)

   [amulet of reflection]

   Reflect:   It reflects blocked missile attacks.
   Str-2:     It affects your strength (-2).
   rN++:      It greatly protects you from negative energy.
   Regen+:    It increases your rate of health regeneration.
   SH+5:      It affects your SH (+5).
   Rampage:   It bestows one free step when moving towards enemies.
 C - the ring "Doibryef" (right hand) {rPois EV+5 Str+2 Int+2}
   (You took it off a deep elf annihilator on level 3 of the Elven Halls)

   [ring of evasion]

   EV+5:      It affects your evasion (+5).
   Str+2:     It affects your strength (+2).
   Int+2:     It affects your intelligence (+2).
   rPois:     It protects you from poison.
Talismans
 Z - the maw talisman of Clean Satisfaction (active) {Str+6}
   (You found it on level 3 of the Elven Halls)

   [maw talisman]

   Str+6:     It affects your strength (+6).
Wands
 g - a wand of polymorph (15)
 x - a wand of light (17)
 A - a wand of warping (33)
 K - a wand of mindburst (42)
 Q - a wand of digging (17)
 X - a wand of charming (41)
Scrolls
 a - 2 scrolls of silence
 o - a scroll of blinking
 u - 8 scrolls of teleportation
 v - 6 scrolls of fog
 z - 6 scrolls of poison
 D - 5 scrolls of fear
 E - 2 scrolls of vulnerability
 F - 31 scrolls of identify
 I - 6 scrolls of summoning
 O - 2 scrolls of enchant armour
 V - 9 scrolls of revelation
Potions
 b - 4 potions of magic
 c - 5 potions of resistance
 f - a potion of invisibility
 i - 5 potions of lignification
 n - 2 potions of mutation
 q - 6 potions of berserk rage
 r - 7 potions of ambrosia
 s - 19 potions of curing
 J - 6 potions of enlightenment
 R - 11 potions of attraction
 T - 4 potions of might
 U - 4 potions of cancellation
Miscellaneous
 e - a tin of tremorstones (2/2)
 l - a phantom mirror
 t - a sack of spiders
 S - a Gell's gravitambourine (2/2)
 W - a lightning rod (4/4)


   Skills:
 + Level 25.4 Fighting
 - Level 16.0 Long Blades
 + Level 20.1 Throwing
 + Level 18.9 Dodging
 + Level 22.0 Shields
 + Level 11.5 Evocations
 - Level 20.7 Shapeshifting


You had 25 spell levels left.
You didn't know any spells.
Your spell library was empty.

Dungeon Overview and Level Annotations

Branches:
Dungeon (15/15)            Temple (0/1) D:4            Lair (5/5) D:8
 Shoals (4/4) Lair:2        Snake (4/4) Lair:2        Slime (0/5) Lair:4
    Orc (2/2) D:9             Elf (3/3) Orc:2        Vaults (5/5) D:14
  Crypt (3/3) Vaults:2       Tomb (0/3) Crypt:3      Depths (4/4) D:15
    Zot (5/5) Depths:4    Ossuary (visited)         Volcano (visited)
 WizLab (visited)

Altars:
Ashenzari
Cheibriados
Dithmenos
Gozag
Makhleb
Okawaru
Qazlal
Ru
Sif Muna
Trog
Uskayaw
Wu Jian
Zin
Jiyva

Shops:
D:8 [   D:10 :   D:11 !   Orc:1 [   Orc:2 :?(=:!([[   Elf:1 *([   Elf:3 **(*[
Snake:1 ?!   Vaults:5 :   Depths:1 =:=

Portals:
Hell: Lair:5 Depths:1 Depths:2 Depths:3 Depths:4
Abyss: Depths:3
Pandemonium: Depths:2
Ziggurat: Depths:3

Annotations:
D:1 Boris
D:5 3 runed translucent doors, kuniqs's ghost, novice DsGl
D:12 3 runed translucent doors, Drangen's ghost, journeyman CoHu; Nvm9's ghost, journeyman DsFi
D:13 3 runed translucent doors, Dyre's ghost, journeyman DjFE
D:15 1 transporter
Lair:1 exclusion: oklob plant
Orc:2 3 runed translucent doors, schroeder's ghost, journeyman MiBe
Elf:2 3 runed translucent doors
Depths:3 1 runed translucent door, Ecroc's ghost, adept DECj


Innate Abilities, Weirdness & Mutations

You are a creature with a mouth for a stomach.
Your midsection houses a second, enormous mouth.
You can breathe blasts of scalding, opaque steam.
Your pale cyan-grey scales are hard. (AC +12)
You cannot fit into any form of body armour.
You are cold-blooded and may be slowed by cold attacks.
You are immune to the effects of steam.
You have large cloven feet.
You are weak. (Str -2)
You have hidden genetic potential.


Message History

You rampage towards the tormentor!
You block the tormentor's attack. x2
You chop the tormentor into pieces!!! You burn the tormentor!
You kill the tormentor!
Trog accepts your kill. 2 hell hounds come into view.
The hell hound barks! x2
You see here an adder skeleton.
A hell hound comes into view.
There is a stone staircase leading up here.
The hell hound breathes flames at you. The blast of flame hits you. You resist.
You climb upwards.
There is a stone staircase leading down here.
Unknown command.
What level of the Dungeon? (default 1, ? - help) You're already here!
A smoke demon comes into view.
The smoke demon roars!
You rampage towards the smoke demon!
The smoke demon misses you. You block the smoke demon's attack. x2
You slash the smoke demon! You freeze the smoke demon.
You tail-slap the smoke demon, but do no damage.
You bite the smoke demon.
The smoke demon is heavily wounded.
You carve the smoke demon like a ham!!! You burn the smoke demon.
You kill the smoke demon!
Trog accepts your kill. Trog grants you a weapon!
Something appears at your feet!
You see here a +2 heavy falchion.
You see here a +0 ring mail.
There is an open door here.
Boris, Master of Life and Death comes into view.
He is wearing the +2 robe "Jiajufid" {rF+ rCorr MP+9}.
There is an open door here.
Boris moves out of view.
You close the door.
Something unseen opens the door.
You see here a frilled lizard skeleton.
You see here a jackal skeleton.
There is a staircase leading out of the dungeon here.
You have escaped!

#.....# ####### ##.## #.##..#
####...# #...# #.##..#
###..#.#.# ###...# #.##..##
##.#.##.#### ##.....#
#.#....####..#.......###......##
#.#.......'..#+##..............÷
#......####..#.÷.....###....####
###>#.## ##.#.##.#### ##.#.#
#.### ###.W#.#.# ###.# #...#
####...# #.# ###.# ####### #.#
#.# #.# #.# #.# #.# #.# #.#
######.## #.# #.# #.......## #.#
#.# #.##.....#########.#
#.####.###...##.........#


There were no monsters in sight!

Vanquished Creatures
  4 dread liches
  6 ancient liches
  5 orbs of fire
  Mennas (Depths:3)
  A juggernaut (Depths:2)
  Josephina (Depths:2)
  5 Killer Klowns (Zot:5)
  Vv (Depths:2)
  3 curse toes
  Nikola (Vaults:3)
  3 caustic shrikes (Depths:4)
  Norris (Depths:3)
  6 golden dragons
  6 bone dragons
  A Tzitzimitl (D:6)
  3 electric golems
  Rupert (D:14)
  13 tentacled monstrosities
  6 liches
  A Hell Sentinel (Zot:3)
  6 titans (Vaults:5)
  2 deep elf blademasters (Elf:3)
  27 Orb Guardians
  2 deep elf master archers (Elf:3)
  7 quicksilver dragons
  Frances (D:12)
  6 sphinxes
  An Executioner (Zot:4)
  5 ancient champions
  Aizul (Snake:2)
  6 tengu reavers
  12 death cobs
  3 krakens
  12 storm dragons
  Donald (Vaults:3)
  15 shadow dragons
  7 draconian monks
  3 nagarajas
  4 frost giants
  6 protean progenitors
  8 draconian knights
  4 ghouls
  9 draconian shifters
  16 vault wardens
  11 draconian scorchers
  3 deep elf elementalists (Elf:3)
  9 fire giants
  4 deep elf sorcerers (Elf:3)
  Louise (Snake:2)
  A caustic shrike zombie (Depths:2)
  An angel (WizLab)
  5 spectral caustic shrikes (Depths:3)
  2 orc warlords
  14 curse skulls
  2 ghost moths
  22 ironbound preservers
  A reaper (Depths:2)
  8 draconian annihilators
  5 draconian stormcallers
  A cacodemon (Depths:2)
  9 stone giants
  12 very ugly things
  3 spriggan defenders (Depths:3)
  14 ironbound thunderhulks
  10 deep elf death magi
  11 green draconians
  6 vampire knights
  8 deep elf demonologists (Elf:3)
  13 black draconians
  12 red draconians
  12 white draconians
  6 deep elf annihilators (Elf:3)
  6 war gargoyles
  4 spark wasps
  8 dire elephants
  13 yellow draconians
  13 purple draconians
  A crystal guardian (Vaults:4)
  10 merfolk impalers
  4 eidola
  14 ettins
  2 entropy weavers
  8 jiangshi
  5 fire dragons
  13 yaktaur captains
  6 great orbs of eyes
  6 deep elf high priests
  3 merfolk javelineers (Shoals:4)
  3 salamander tyrants
  5 hydras
  9 ice dragons
  5 ogre magi
  A hell beast (D:12)
  5 rakshasas
  2 spriggan air magi
  9 peacekeepers
  40 vault guards
  6 ironbound frosthearts
  11 anacondas
  5 merfolk avatars
  21 two-headed ogres
  A catoblepas (D:15)
  A sphinx zombie (Crypt:2)
  7 centaur warriors
  4 boulder beetles
  A spriggan skeleton (Crypt:3)
  A death knight (Crypt:1)
  10 dancing weapons
  A merfolk aquamancer (Shoals:4)
  4 tengu warriors
  5 alligator snapping turtles
  5 deep troll shamans
  8 deep troll earth magi
  A satyr (Shoals:2)
  4 occultists
  2 orc high priests (Elf:1)
  7 shock serpents
  9 spriggan berserkers
  17 naga sharpshooters
  13 hell knights
  A titan zombie (Depths:2)
  9 vampire magi
  10 naga warriors
  7 deep elf knights
  A storm dragon zombie (Depths:2)
  2 soul eaters (Crypt:2)
  A titan skeleton (Crypt:3)
  6 spriggans
  3 shadow wraiths
  2 sun demons
  A quicksilver dragon simulacrum (Depths:2)
  11 skysharks
  6 iron trolls
  A sixfirhy (Depths:2)
  4 salamander mystics
  11 deep elf archers
  A deep troll (shapeshifter) (Vaults:5)
  9 glowing orange brains
  2 spark wasp zombies
  7 flayed ghosts
  2 golden dragon zombies
  A storm dragon skeleton (Crypt:2)
  22 skeletal warriors
  A mana viper (shapeshifter) (Depths:4)
  77 deep trolls
  A goliath frog (shapeshifter) (Elf:1)
  A tengu zombie (Vaults:1)
  16 mana vipers
  4 arcanists
  4 bog bodies
  21 sea snakes
  An orange crystal statue (Zot:1)
  2 steelbarb worms
  Pikel (D:5)
  18 ironbound convokers
  5 naga ritualists
  11 phantasmal warriors
  A spriggan simulacrum (Crypt:1)
  An anaconda skeleton (Crypt:3)
  A shadow dragon zombie (Crypt:2)
  6 thermic dynamos (WizLab)
  A shock serpent (shapeshifter) (Vaults:5)
  14 harpies
  11 necromancers
  7 lindwurms
  A sea snake (shapeshifter) (Vaults:5)
  9 orc knights
  26 deep elf pyromancers
  An alligator zombie (Crypt:2)
  6 lightning spires
  A shadow dragon skeleton (Depths:2)
  16 manticores
  13 deep elf zephyrmancers
  A shining eye (shapeshifter) (Vaults:5)
  Maurice (D:9)
  2 oklob plants (Zot:1)
  A fire giant zombie (Depths:2)
  10 cyclopes
  23 moths of wrath
  4 orc sorcerers
  2 shining eyes (Zot:3)
  39 ugly things
  A manticore (shapeshifter) (Vaults:3)
  2 moths of wrath (shapeshifter) (Vaults:5)
  22 salamanders
  2 kobold blastminers
  A formless jellyfish zombie (Crypt:2)
  A stone giant skeleton (Crypt:3)
  A titan simulacrum (Crypt:3)
  11 merfolk sirens
  6 guardian serpents
  A mana viper zombie (Crypt:3)
  5 elephants
  2 smoke demons
  35 black mambas
  A dire elephant skeleton (Crypt:1)
  4 orange demons
  10 water nymphs
  A centaur skeleton (Crypt:3)
  5 molten gargoyles
  A guardian serpent (shapeshifter) (Depths:4)
  12 cane toads
  18 naga magi
  22 vault sentinels
  A naga skeleton (Crypt:3)
  15 gargoyles
  3 rime drakes (Lair:5)
  An unseen horror zombie (Crypt:3)
  24 yaktaurs
  2 unseen horrors
  2 hellions
  An alligator snapping turtle skeleton (Crypt:3)
  A mana viper skeleton (Crypt:1)
  2 ice devils (Lair:5)
  6 komodo dragons
  2 tormentors
  An elf zombie (Vaults:1)
  A spark wasp simulacrum (Depths:2)
  A red devil (Lair:5)
  30 merfolk
  4 tengu conjurers
  A human skeleton (Vaults:1)
  A troll (shapeshifter) (D:13)
  12 trolls
  6 hornets
  6 polar bears
  A harpy skeleton (Crypt:3)
  A hellwing (Lair:5)
  7 wind drakes
  A raiju (shapeshifter) (Elf:1)
  2 glass eyes (Depths:3)
  10 snapping turtles
  3 frost giant simulacra (Depths:2)
  A tarantella (Vaults:4)
  A death drake skeleton (Crypt:3)
  An iron dragon simulacrum (Crypt:3)
  6 blink frogs
  A spriggan zombie (Depths:2)
  A glass eye (shapeshifter) (Vaults:5)
  41 slime creatures
  An ettin skeleton (Vaults:1)
  A stone giant simulacrum (Depths:2)
  5 wyverns
  3 air elementals
  A centaur simulacrum (D:14)
  A shadow (D:10)
  An ice dragon skeleton (Crypt:1)
  A ynoxinul (Depths:4)
  55 yaks
  2 yaks (shapeshifter)
  A vampire (D:13)
  7 wraiths
  A dire elephant simulacrum (Crypt:1)
  8 water elementals
  2 fire elementals
  Eustachio (D:5)
  Grum (D:10)
  3 basilisks
  A redback simulacrum (D:15)
  2 redbacks (Vaults:4)
  2 vampire mosquitoes (D:11)
  A steam dragon (D:10)
  A harpy simulacrum (Crypt:3)
  A glowing shapeshifter zombie (Vaults:1)
  24 nagas
  A swamp worm (shapeshifter) (Depths:2)
  17 water moccasins
  An acid dragon (D:12)
  3 hell hounds (Lair:5)
  An ettin simulacrum (Crypt:3)
  An ice beast (D:8)
  3 sky beasts (D:13)
  15 laughing skulls
  23 orc warriors
  2 black bears
  21 ogres
  4 lemures (D:5)
  10 wolves
  3 phantoms
  8 centaurs
  4 kobold brigands (D:7)
  A rime drake zombie (Crypt:3)
  5 gnoll sergeants
  4 earth elementals
  Blork the orc (D:4)
  22 bullfrogs
  4 scorpions
  7 wights
  A warg skeleton (Crypt:3)
  4 killer bees (D:11)
  An electric eel (Lair:2)
  A troll skeleton (Crypt:1)
  A vampire bat (Lair:2)
  A bombardier beetle (D:5)
  4 gnoll boudas
  11 hounds
  23 jellies
  15 orc priests
  5 scorpion zombies (Ossuary)
  A sleepcap (D:6)
  3 iguanas
  Ijyb (D:5)
  22 orc wizards
  A basilisk skeleton (Crypt:1)
  6 hell rats (Lair:4)
  A deep dwarf skeleton (Crypt:1)
  4 mummies
  28 gnolls
  A swamp drake zombie (Crypt:2)
  6 adders
  A howler monkey skeleton (Crypt:2)
  2 shadow imps
  2 white imps (D:7)
  2 adder zombies
  An adder skeleton (Crypt:1)
  2 ribbon worms
  76 orcs
  11 ball pythons
  A bat zombie (Crypt:2)
  10 endoplasms
  3 giant cockroaches
  2 goblins (D:4)
  8 hobgoblins
  13 jackals
  5 quokkas
  16 bats
  A bombardier beetle zombie (Crypt:3)
  9 frilled lizards
  2 gnoll skeletons
  3 gnoll zombies (Ossuary)
  3 jackal zombies (Ossuary)
  13 kobolds
  5 kobold zombies (Ossuary)
  An orc zombie (Crypt:1)
  2 rats
  3 aspiring fleshes (Zot:5)
  9 tentacles
2258 creatures vanquished.

Vanquished Creatures (collateral kills)
  An ancient lich (Vaults:5)
  Boris (Depths:1)
  Gastronok (D:8)
  A draconian annihilator (Zot:4)
  An ironbound thunderhulk (Vaults:2)
  An ettin (Vaults:5)
  A great orb of eyes (Vaults:2)
  A hydra (Lair:2)
  An ironbound frostheart (Vaults:2)
  2 anacondas (Snake:4)
  A skyshark (shapeshifter) (Vaults:5)
  5 mana vipers (Snake:4)
  2 black mambas (Snake:4)
  A guardian serpent (Snake:4)
  2 yaktaurs (Vaults:2)
  A wind drake (Shoals:4)
  A yak (Lair:2)
24 creatures vanquished.

Vanquished Creatures (others)
  A dread lich (Crypt:3)
  Asterion (Snake:1)
  A draconian knight (Zot:3)
  2 deep elf knights
  2 deep elf zephyrmancers (Elf:1)
  2 ugly things (D:14)
  A yaktaur (Vaults:2)
  2 nagas (Snake:1)
  An orc wizard (D:9)
  41 tentacles
54 creatures vanquished.

Grand Total: 2336 creatures vanquished

Notes
Turn   | Place    | Note
-------+----------+-------------------------------------------
     0 | D:1      | Jannitor the Draconian Berserker began the quest for the
                  | Orb.
     0 | D:1      | Reached XP level 1. HP: 19/19 MP: 1/1
   167 | D:1      | Reached XP level 2. HP: 26/26 MP: 2/2
   621 | D:1      | Reached ** piety under Trog
   708 | D:1      | Reached XP level 3. HP: 33/33 MP: 3/3
  1239 | D:2      | Reached skill level 4 in Fighting
  1401 | D:2      | Reached XP level 4. HP: 31/40 MP: 4/4
  1536 | D:2      | Found a snail-covered altar of Cheibriados.
  2147 | D:3      | Noticed a phantom
  2157 | D:3      | Killed a phantom
  2158 | D:3      | Reached skill level 1 in Throwing
  2158 | D:3      | Reached XP level 5. HP: 34/47 MP: 5/5
  2216 | D:3      | Reached *** piety under Trog
  2760 | D:4      | Found a sacrificial altar of Ru.
  2906 | D:4      | Noticed Blork the orc
  2919 | D:4      | Killed Blork the orc
  2920 | D:4      | Reached XP level 6. HP: 28/55 MP: 6/6
  3038 | D:4      | Reached skill level 5 in Fighting
  3132 | D:4      | Found a shadowy altar of Dithmenos.
  3151 | D:4      | You fall into a shaft and drop 1 floor!
  3151 | D:5      | Entered Level 5 of the Dungeon
  3169 | D:5      | Found a runed translucent gate.
  3169 | D:5      | Found a runed translucent gate.
  3169 | D:5      | Found a runed translucent gate.
  3202 | D:5      | Noticed kuniqs's ghost (novice DsGl)
  3220 | D:5      | Noticed Ijyb
  3246 | D:4      | Found a staircase to the Ecumenical Temple.
  3283 | D:4      | Your scales start taking on a pale cyan-grey colour.
  3283 | D:4      | Reached XP level 7. HP: 54/61 MP: 7/7
  3283 | D:4      | Gained mutation: You are immune to the effects of steam.
                  | [Pale Draconian growth]
  3313 | D:5      | Found Zin's Purification Station.
  3322 | D:5      | Reached skill level 5 in Long Blades
  3322 | D:5      | Found a glowing silver altar of Zin.
  3464 | D:5      | Upgraded the game from 0.32-a0-872-g59262bdc9b to
                  | 0.32-a0-875-g23b751d0ae
  3553 | D:5      | Found a sand-covered staircase.
  3559 | D:5      | Reached skill level 6 in Fighting
  3562 | Ossuary  | Entered an ossuary
  3578 | Ossuary  | Reached skill level 5 in Dodging
  3726 | Ossuary  | Reached **** piety under Trog
  3841 | Ossuary  | Reached XP level 8. HP: 58/70 MP: 8/8
  4262 | D:5      | Noticed Pikel
  4457 | D:5      | Killed Pikel
  4458 | D:5      | Reached skill level 7 in Fighting
  5124 | D:5      | Killed Ijyb
  5134 | D:5      | Bought 2 potions of curing for 180 gold pieces
  5232 | D:5      | Noticed Eustachio
  5421 | D:6      | Reached XP level 9. HP: 72/79 MP: 9/9
  5518 | D:6      | Found a hide-covered altar of Uskayaw.
  5593 | D:6      | Reached skill level 5 in Throwing
  6346 | D:7      | Reached skill level 8 in Fighting
  6434 | D:7      | Found a shimmering blue altar of Sif Muna.
  7852 | D:8      | Reached XP level 10. HP: 78/88 MP: 10/10
  8398 | D:8      | Reached ***** piety under Trog
  8399 | D:8      | Reached skill level 9 in Fighting
  8574 | D:8      | Found a snail-covered altar of Cheibriados.
  8661 | D:8      | Noticed Gastronok
  8666 | D:8      | Found an opulent altar of Gozag.
  8670 | D:8      | Killed Gastronok
  8740 | D:8      | Found Pegoism's Armour Emporium.
  8787 | D:8      | Reached skill level 10 in Fighting
  8797 | D:8      | Found a staircase to the Lair.
  9047 | D:9      | Found a bloodstained altar of Trog.
  9131 | D:9      | Noticed a cyclops
  9144 | D:9      | Killed a cyclops
  9145 | D:9      | Reached XP level 11. HP: 99/99 MP: 11/11
  9974 | D:9      | Reached skill level 1 in Shields
 10036 | D:9      | Found a broken altar of Ashenzari.
 10037 | D:9      | Found a burning altar of Makhleb.
 10038 | D:9      | Found an iron altar of Okawaru.
 10039 | D:9      | Found an ornate altar of the Wu Jian Council.
 10201 | D:9      | Found a staircase to the Orcish Mines.
 10249 | D:10     | Entered Level 10 of the Dungeon
 10249 | D:10     | Noticed Maurice
 10262 | D:9      | Maurice stole an amulet of regeneration
 10267 | D:9      | Killed Maurice
 10525 | D:9      | Received a gift from Trog
 10627 | D:10     | Found Pukeidgh's Book Boutique.
 11183 | D:10     | Noticed a two-headed ogre
 11191 | D:10     | Killed a two-headed ogre
 11349 | D:10     | Noticed Grum
 11356 | D:10     | Killed Grum
 12118 | Lair:1   | Entered Level 1 of the Lair of Beasts
 12222 | Lair:1   | Reached skill level 10 in Long Blades
 12337 | Lair:1   | Reached skill level 11 in Fighting
 12655 | Lair:1   | Noticed an oklob plant
 13072 | Lair:1   | Reached XP level 12. HP: 103/110 MP: 12/12
 13117 | Lair:1   | Noticed a boulder beetle
 13128 | Lair:1   | Killed a boulder beetle
 13535 | Lair:2   | Received a gift from Trog
 13869 | Lair:2   | Reached skill level 5 in Shields
 13915 | Lair:2   | Found a staircase to the Snake Pit.
 15037 | Lair:2   | Found a staircase to the Shoals.
 15102 | Lair:2   | Noticed a six-headed hydra
 15108 | Lair:2   | Killed a seven-headed hydra
 15234 | Lair:3   | Noticed a four-headed hydra
 15247 | Lair:3   | Killed a four-headed hydra
 15248 | Lair:3   | Reached skill level 1 in Evocations
 15366 | Lair:2   | Reached skill level 10 in Dodging
 15764 | Lair:3   | Reached skill level 12 in Fighting
 15863 | Lair:3   | Noticed a four-headed hydra
 16015 | Orc:1    | Entered Level 1 of the Orcish Mines
 16015 | Orc:1    | Found Liur's Armour Shoppe.
 16459 | Orc:1    | Noticed a two-headed ogre
 16468 | Orc:1    | Killed a two-headed ogre
 16754 | D:9      | Reached XP level 13. HP: 108/118 MP: 13/13
 17545 | Orc:2    | Entered Level 2 of the Orcish Mines
 17614 | Orc:2    | Found Sejiso's Book Emporium.
 17699 | Orc:2    | Found Lyewenew's Antique Armour Shop.
 17705 | Orc:2    | Found Jovad's Armour Shop.
 17710 | Orc:2    | Found a staircase to the Elven Halls.
 17712 | Orc:2    | Paralysed by an orc sorcerer for 3 turns
 17715 | Orc:2    | Noticed an orc warlord
 17740 | Orc:1    | Killed an orc warlord
 17758 | Orc:1    | Received a gift from Trog
 17775 | Orc:2    | Bought a pair of embroidered gloves for 232 gold pieces
 17796 | Orc:2    | Bought a +2 cloak of preservation for 365 gold pieces
 17818 | Orc:2    | Found a runed translucent gate.
 17818 | Orc:2    | Found a runed translucent gate.
 17818 | Orc:2    | Found a runed translucent gate.
 17819 | Orc:2    | Noticed a minotaur
 17828 | Orc:2    | Noticed schroeder's ghost (journeyman MiBe)
 17959 | Orc:2    | Found Omets's Book Boutique.
 17984 | Orc:2    | Found a dark tunnel.
 17989 | Volcano  | Entered a volcano
 18871 | Volcano  | Reached skill level 10 in Throwing
 19170 | Volcano  | Noticed an orb of fire
 19193 | Volcano  | Noticed an orb of fire
 19895 | Orc:2    | Found Egeap Piesid's Jewellery Emporium.
 19897 | Orc:2    | Bought a +4 ring of slaying for 540 gold pieces
 19935 | Orc:1    | Reached skill level 5 in Evocations
 20097 | Orc:1    | Paralysed by an ogre mage for 2 turns
 20396 | Orc:2    | Reached skill level 13 in Fighting
 20602 | Orc:2    | Found Gilek's Distillery.
 20697 | Orc:2    | Reached XP level 14. HP: 71/129 MP: 14/14
 20878 | Orc:2    | Found Yneaxt's Weapon Shoppe.
 20880 | Orc:2    | Found Syveuv's Antique Weapon Boutique.
 20887 | Orc:2    | Bought 2 potions of degeneration for 32 gold pieces
 20890 | Orc:2    | Found Keav's Magic Scroll Emporium.
 20902 | Orc:2    | Bought a scroll of blinking for 90 gold pieces
 20902 | Orc:2    | Bought a scroll of teleportation for 36 gold pieces
 20902 | Orc:2    | Bought a scroll of blinking for 90 gold pieces
 20902 | Orc:2    | Bought a scroll of summoning for 114 gold pieces
 20902 | Orc:2    | Bought a scroll of blinking for 90 gold pieces
 22184 | Lair:4   | Received a gift from Trog
 22345 | Lair:4   | Found a staircase to the Slime Pits.
 22345 | Lair:4   | Found a viscous altar of Jiyva.
 22536 | Lair:5   | Entered Level 5 of the Lair of Beasts
 23202 | Lair:5   | Identified the +1 robe of a wizard's laboratory {+Inv
                  | Dex+2}
 24365 | Lair:5   | Found a burning altar of Makhleb.
 24791 | Lair:5   | Found a gateway to Hell.
 24798 | Lair:5   | Identified the +0 pair of gloves of the Orange Skies
                  | {^Drain rCorr Str+2 Dex+2}
 25129 | D:11     | Identified a scroll of acquirement
 25129 | D:11     | Acquired the amulet "Sybu" {Reflect rN+ Regen+ Str+9 SH+5
                  | Stlth-}
 25319 | D:11     | Found Sit Lod's Distillery.
 25341 | D:11     | Bought a potion of ambrosia for 112 gold pieces
 25341 | D:11     | Bought a potion of enlightenment for 70 gold pieces
 25341 | D:11     | Bought a potion of heal wounds for 70 gold pieces
 25710 | D:12     | Noticed Frances
 25735 | D:12     | Killed Frances
 25973 | D:12     | Reached skill level 14 in Fighting
 26184 | D:12     | Found a runed translucent gate.
 26184 | D:12     | Found a runed translucent gate.
 26184 | D:12     | Found a runed translucent gate.
 26184 | D:12     | Noticed Nvm9's ghost (journeyman DsFi)
 26185 | D:12     | Noticed Drangen's ghost (journeyman CoHu)
 26309 | D:13     | Found a runed translucent gate.
 26357 | D:13     | Found a runed translucent gate.
 26357 | D:13     | Found a runed translucent gate.
 26360 | D:13     | Noticed Dyre's ghost (journeyman DjFE)
 26362 | D:13     | Found an iron altar of Okawaru.
 26369 | D:13     | Reached XP level 15. HP: 138/138 MP: 15/15
 27047 | D:14     | Reached skill level 1 in Shapeshifting
 27209 | D:14     | Found a gate to the Vaults.
 27273 | D:14     | Found a stormy altar of Qazlal.
 27273 | D:14     | Noticed Rupert
 27403 | D:14     | Killed Rupert
 27948 | D:15     | Entered Level 15 of the Dungeon
 28057 | D:15     | Found a staircase to the Depths.
 28388 | D:15     | Found a transporter.
 29241 | Shoals:1 | Entered Level 1 of the Shoals
 29272 | Shoals:1 | Identified the amulet "Saol Miurch" {Acrobat rC+ rN+ Will+
                  | Str+2}
 29528 | Shoals:1 | Noticed a kraken
 29556 | Shoals:1 | Killed a kraken
 31135 | Shoals:2 | Reached XP level 16. HP: 137/147 MP: 16/16
 31285 | Shoals:2 | Reached skill level 10 in Shields
 31759 | Shoals:2 | Reached skill level 5 in Shapeshifting
 32515 | Shoals:3 | Reached skill level 15 in Fighting
 34869 | Shoals:4 | Entered Level 4 of the Shoals
 34903 | Shoals:4 | Found a runed translucent door.
 35484 | Shoals:3 | Upgraded the game from 0.32-a0-875-g23b751d0ae to
                  | 0.32-a0-876-gcfddb08e57
 36982 | Shoals:4 | Got a barnacled rune of Zot
 37009 | Shoals:4 | Noticed a kraken
 37343 | Shoals:4 | Killed a kraken
 37947 | Shoals:4 | Noticed a kraken
 37992 | Shoals:4 | Killed a kraken
 38835 | Shoals:3 | Reached XP level 17. HP: 105/158 MP: 17/17
 39371 | Vaults:1 | Entered Level 1 of the Vaults
 39425 | Vaults:1 | Reached skill level 16 in Fighting
 39456 | Vaults:1 | Found a magical portal.
 39465 | WizLab   | Entered Maxwell's Workshop
 39951 | WizLab   | Identified the ring of Satisfaction {Ice rElec}
 40766 | WizLab   | Reached skill level 10 in Shapeshifting
 41061 | WizLab   | Identified the ring "Anto" {Fire rN+ Will+}
 41278 | WizLab   | Identified the ring "Ehimmakly" {Fire rPois Str+3 Int+3
                  | Dex-4}
 41749 | WizLab   | Noticed an electric golem
 41749 | WizLab   | Identified the amulet "Fosushrad" {Faith +Blink Slay+3}
 41791 | WizLab   | Killed an electric golem
 42221 | WizLab   | Upgraded the game from 0.32-a0-876-gcfddb08e57 to
                  | 0.32-a0-886-g41c5271027
 43860 | Vaults:1 | Reached skill level 15 in Long Blades
 43966 | Vaults:1 | Reached XP level 18. HP: 159/168 MP: 18/18
 43997 | Vaults:1 | Reached skill level 17 in Fighting
 45015 | Vaults:2 | HP: 8/167 [ironbound frostheart (10)]
 45016 | Vaults:2 | HP: 2/167 [yaktaur/bolt[a vault warden] (8)]
 45049 | Vaults:2 | Received a gift from Trog
 45645 | Vaults:2 | Found a staircase to the Crypt.
 46231 | Vaults:3 | Noticed Donald
 46250 | Vaults:3 | Killed Donald
 46603 | Vaults:3 | Noticed Nikola
 46618 | Vaults:3 | Killed Nikola
 47327 | Vaults:3 | Received a gift from Trog
 47404 | Vaults:3 | Reached skill level 18 in Fighting
 47723 | Vaults:3 | Reached XP level 19. HP: 46/179 MP: 19/19
 48965 | Vaults:4 | Found a flickering gateway to a bazaar.
 48972 | Bazaar   | Entered a bazaar
 49007 | Bazaar   | Found Nusatone's Assorted Antiques.
 49026 | Bazaar   | Found Noytreac's Distillery.
 49034 | Bazaar   | Found Vunaiwut's Armour Emporium.
 49043 | Bazaar   | Found Votassang's Magic Scroll Emporium.
 49083 | Bazaar   | Bought a sack of spiders for 1160 gold pieces
 49083 | Bazaar   | Bought a translucent ivory ring for 145 gold pieces
 49083 | Bazaar   | Identified the ring of Irghoot {rC- rN+ Str+6 Int+3} (You
                  | bought it in a shop in a bazaar)
 49087 | Bazaar   | Bought a potion of curing for 87 gold pieces
 49409 | Vaults:4 | Found a portal to a secret trove of treasure.
 49668 | Vaults:4 | You paid a toll of a +8 demon blade to enter a treasure
                  | trove
 49669 | Trove    | Entered a treasure trove
 49674 | Trove    | Found the +5 demon whip "Spellbinder" {antimagic, disrupt,
                  | Will+}
 49677 | Trove    | Identified the ring of Sunlight {rN+ Will+}
 49680 | Trove    | Identified the ring "Uneikot" {Will+ rCorr Int+2 Dex+6}
 49684 | Trove    | Identified the +1 pair of boots "Coceg" {+Blink rPois
                  | Dex-2}
 49715 | Trove    | Identified the +3 scimitar "Zongoaf" {spect, rPois Str+3}
 50036 | Vaults:4 | Received a gift from Trog
 50083 | Vaults:4 | Reached skill level 15 in Shields
 50172 | Vaults:4 | Reached skill level 19 in Fighting
 50820 | Elf:1    | Entered Level 1 of the Elven Halls
 51108 | Elf:1    | Received a gift from Trog
 51301 | Elf:1    | Found Qyfemot's Armour Shoppe.
 51435 | Elf:1    | Found Bowkymno's Weapon Emporium.
 51506 | Elf:1    | Found Cupp's General Store.
 51511 | Elf:1    | Bought a potion of cancellation for 112 gold pieces
 51643 | Elf:2    | Identified the +3 lajatang "Buupt" {flame, ^Drain rElec
                  | rPois rC+} (Trog gifted it to you on level 2 of the Elven
                  | Halls)
 51643 | Elf:2    | Received a gift from Trog
 51663 | Elf:2    | Paralysed by an air elemental for 1 turns
 51880 | Elf:2    | Reached XP level 20. HP: 97/191 MP: 20/20
 52057 | Elf:2    | Found a runed translucent gate.
 52059 | Elf:2    | Found a runed translucent gate.
 52060 | Elf:2    | Found a runed translucent gate.
 52378 | Elf:3    | Entered Level 3 of the Elven Halls
 52379 | Elf:3    | Found Viem Lofips's General Store.
 52382 | Elf:3    | Found Neyxyacw's Weapon Shop.
 52384 | Elf:3    | Found Vyhiwed's General Store.
 52385 | Elf:3    | Found Nuzerile's Armour Shop.
 52567 | Elf:3    | Bought a potion of resistance for 120 gold pieces
 52567 | Elf:3    | Bought a potion of mutation for 96 gold pieces
 52567 | Elf:3    | Bought 3 scrolls of blinking for 270 gold pieces
 52567 | Elf:3    | Bought a potion of ambrosia for 96 gold pieces
 52872 | Elf:3    | Found Gofepp's General Store.
 52884 | Elf:3    | Bought a scroll of enchant armour for 75 gold pieces
 53333 | Elf:3    | Reached ****** piety under Trog
 53425 | Elf:3    | Reached skill level 20 in Fighting
 53579 | Elf:3    | Identified the ring "Doibryef" {rPois EV+5 Str+2 Int+2}
 53702 | Elf:3    | Identified the +3 long sword of Waudifab {venom, rElec
                  | rCorr}
 53712 | Elf:3    | Identified the +3 trident of Gallantry {speed, rPois
                  | Stlth+}
 53873 | Elf:3    | Identified the +6 falchion "Fifici Jegha" {holy, Int+3}
 53882 | Elf:3    | Identified the +1 scale mail of Exclusion {Str+4 Int+3}
 53899 | Elf:3    | Identified the +9 flail of Calculation {pain, Fly}
 53981 | Elf:3    | Identified the maw talisman of Clean Satisfaction {Str+6}
 53991 | Elf:3    | Identified the +0 hat of the Trout {rF+}
 54333 | Snake:1  | Entered Level 1 of the Snake Pit
 54471 | Snake:1  | Received a gift from Trog
 54639 | Snake:1  | Found Ekhidgh's Distillery.
 54644 | Snake:1  | Found Baagosch's Magic Scroll Shop.
 54647 | Snake:1  | Bought a potion of heal wounds for 65 gold pieces
 54647 | Snake:1  | Bought a potion of heal wounds for 65 gold pieces
 54647 | Snake:1  | Bought a potion of resistance for 130 gold pieces
 54647 | Snake:1  | Bought a potion of heal wounds for 65 gold pieces
 54653 | Snake:1  | Bought a scroll of blinking for 112 gold pieces
 54653 | Snake:1  | Bought a scroll of blinking for 112 gold pieces
 54722 | Snake:1  | Noticed Asterion
 54745 | Snake:1  | Killed Asterion
 55199 | Snake:2  | Noticed Louise
 55227 | Snake:2  | Killed Louise
 55743 | Snake:2  | Identified the serpent talisman of Qelublo {rElec rC-
                  | Slay+2}
 55743 | Snake:2  | Noticed Aizul
 55757 | Snake:2  | Killed Aizul
 55808 | Snake:2  | Received a gift from Trog
 56057 | Snake:3  | Reached skill level 15 in Shapeshifting
 56397 | Snake:3  | Reached XP level 21. HP: 154/202 MP: 14/21
 56566 | Snake:3  | Received a gift from Trog
 57128 | Snake:4  | Entered Level 4 of the Snake Pit
 57566 | Snake:4  | Got a serpentine rune of Zot
 57691 | Snake:4  | Identified the staff of Fragile Peace {rF+ rC+ Ice}
 58418 | Vaults:5 | Entered Level 5 of the Vaults
 58471 | Vaults:5 | Reached skill level 21 in Fighting
 58479 | Vaults:5 | Noticed a dread lich
 58486 | Vaults:5 | Killed a dread lich
 58489 | Vaults:5 | Identified the amulet "Juzxabbui" {Reflect Will+ Slay+3
                  | SH+5}
 58499 | Vaults:5 | Received a gift from Trog
 58771 | Vaults:5 | Identified the ring "Gelickar" {rPois rC+++ rCorr Str-3
                  | Int-4}
 58771 | Vaults:5 | Gained mutation: You occasionally lose the ability to drink
                  | potions when taking damage. [a shining eye]
 58773 | Vaults:5 | Lost mutation: You occasionally lose the ability to drink
                  | potions when taking damage. [potion of mutation]
 58773 | Vaults:5 | Gained mutation: Potions are less effective at restoring
                  | your health. [potion of mutation]
 58773 | Vaults:5 | Gained mutation: Your spells are a little harder to cast,
                  | but a little more powerful. [potion of mutation]
 58774 | Vaults:5 | Lost mutation: Potions are less effective at restoring your
                  | health. [potion of mutation]
 58774 | Vaults:5 | Lost mutation: Your spells are a little harder to cast, but
                  | a little more powerful. [potion of mutation]
 58774 | Vaults:5 | Gained mutation: You are vulnerable to cold. (rC-) [potion
                  | of mutation]
 58774 | Vaults:5 | Gained mutation: You are weak. (Str -2) [potion of
                  | mutation]
 58774 | Vaults:5 | Gained mutation: Your tail ends in a venomous barb. [potion
                  | of mutation]
 58775 | Vaults:5 | Lost mutation: You are vulnerable to cold. (rC-) [potion of
                  | mutation]
 58775 | Vaults:5 | Lost mutation: You are weak. (Str -2) [potion of mutation]
 58775 | Vaults:5 | Gained mutation: You sometimes lose your temper in combat.
                  | [potion of mutation]
 58776 | Vaults:5 | Lost mutation: Your tail ends in a venomous barb. [potion
                  | of mutation]
 58776 | Vaults:5 | Lost mutation: You sometimes lose your temper in combat.
                  | [potion of mutation]
 58776 | Vaults:5 | Gained mutation: Your spells are a little easier to cast,
                  | but a little less powerful. [potion of mutation]
 58776 | Vaults:5 | Gained mutation: Your mind is acute. (Int +4, Str/Dex -1)
                  | [potion of mutation]
 58777 | Vaults:5 | Lost mutation: Your spells are a little easier to cast, but
                  | a little less powerful. [potion of mutation]
 58777 | Vaults:5 | Lost mutation: Your mind is acute. (Int +4, Str/Dex -1)
                  | [potion of mutation]
 58777 | Vaults:5 | Gained mutation: Your large and strong wings let you fly.
                  | [potion of mutation]
 58777 | Vaults:5 | Gained mutation: You have a pair of small antennae on your
                  | head. [potion of mutation]
 58818 | Vaults:5 | Found Ceowk's Book Shoppe.
 58891 | Vaults:5 | Identified the ring "Beluocs" {rElec rPois rCorr Str-4
                  | Int+3}
 58930 | Vaults:5 | Identified the +8 halberd of Mozeq {antimagic, Str+4}
 58978 | Vaults:5 | Noticed an ancient lich
 58978 | Vaults:5 | Noticed a dread lich
 58986 | Vaults:5 | Killed an ancient lich
 58998 | Vaults:5 | Killed a dread lich
 59000 | Vaults:5 | HP: 5/306 [quicksilver dragon/bolt of dispelling energy
                  | (40)]
 59275 | Vaults:5 | Upgraded the game from 0.32-a0-886-g41c5271027 to
                  | 0.32-a0-891-gc41d80381e
 59308 | Vaults:5 | Reached XP level 22. HP: 213/213 MP: 22/22
 59413 | Vaults:5 | Upgraded the game from 0.32-a0-891-gc41d80381e to
                  | 0.32-a0-909-gc671339a80
 59546 | Vaults:5 | Noticed a golden dragon
 59566 | Vaults:5 | Killed a golden dragon
 59645 | Vaults:5 | Noticed a golden dragon
 59657 | Vaults:5 | Killed a golden dragon
 59787 | Vaults:5 | Got a silver rune of Zot
 59810 | Vaults:5 | Received a gift from Trog
 60078 | Vaults:5 | Noticed an ancient lich
 60088 | Vaults:5 | Killed an ancient lich
 61258 | Depths:1 | Entered Level 1 of the Depths
 61364 | Depths:1 | Found Fuarif's Book Boutique.
 61365 | Depths:1 | Found Iziqestimih's Jewellery Emporium.
 61365 | Depths:1 | Found Afedd's Jewellery Emporium.
 61385 | Depths:1 | Bought a manual of Shapeshifting for 1440 gold pieces
 61555 | D:10     | Bought a manual of Throwing for 800 gold pieces
 61735 | Depths:1 | Received a gift from Trog
 61901 | Depths:1 | Identified the +2 robe "Casoit" {rN+}
 61901 | Depths:1 | Noticed Boris
 61913 | Depths:1 | Killed Boris
 62230 | Depths:1 | Reached skill level 15 in Dodging
 62268 | Depths:1 | Reached skill level 22 in Fighting
 62293 | Depths:1 | Identified the +2 spear of the Sky {protect, rN+}
 62502 | Depths:2 | Reached skill level 15 in Throwing
 62787 | Depths:2 | Noticed a juggernaut
 62794 | Depths:2 | Reached XP level 23. HP: 223/223 MP: 23/23
 62802 | Depths:2 | Killed a juggernaut
 62912 | Depths:2 | Found a one-way gate leading to the halls of Pandemonium.
 62921 | Depths:2 | Received a gift from Trog
 63262 | Depths:2 | You are sucked into a shaft and drop 2 floors!
 63262 | Depths:4 | Entered Level 4 of the Depths
 63492 | Depths:4 | Noticed a caustic shrike
 63494 | Depths:4 | Noticed a caustic shrike
 63494 | Depths:4 | Noticed a caustic shrike
 63501 | Depths:4 | Killed a caustic shrike
 63505 | Depths:4 | Killed a caustic shrike
 63514 | Depths:4 | Killed a caustic shrike
 63956 | Depths:3 | Received a gift from Trog
 64107 | Depths:3 | Noticed Norris
 64118 | Depths:3 | Killed Norris
 64350 | Depths:3 | Found a runed translucent door.
 64350 | Depths:3 | Noticed Ecroc's ghost (adept DECj)
 64415 | Depths:3 | Found a one-way gateway to a ziggurat.
 64539 | Depths:3 | Identified the +7 scimitar of Diogh {flame, rC- rN+ Stlth+}
 64682 | Depths:3 | Noticed Mennas
 64708 | Depths:3 | Killed Mennas
 64869 | Depths:3 | Found a one-way gate to the infinite horrors of the Abyss.
 65572 | Depths:4 | Found a gate to the Realm of Zot.
 66316 | Crypt:1  | Entered Level 1 of the Crypt
 66526 | Crypt:1  | Received a gift from Trog
 66629 | Crypt:1  | Reached XP level 24. HP: 119/234 MP: 23/23
 66638 | Crypt:1  | Reached skill level 23 in Fighting
 67599 | Crypt:2  | Received a gift from Trog
 68182 | Crypt:3  | Entered Level 3 of the Crypt
 68655 | Crypt:3  | Noticed an ancient lich
 68665 | Crypt:3  | Killed an ancient lich
 69015 | Crypt:3  | Found a staircase to the Tomb.
 69393 | Crypt:3  | Noticed a dread lich
 69393 | Crypt:3  | Noticed an ancient lich
 69421 | Crypt:3  | Killed a dread lich
 69428 | Crypt:3  | Killed an ancient lich
 69433 | Crypt:3  | Noticed a dread lich
 69456 | Crypt:3  | Killed a dread lich
 69463 | Crypt:3  | Identified the staff of an ice cave {rN+ Dex+5 Necro Air}
 69467 | Crypt:3  | Identified the amulet of Efeal {Reflect Rampage rN++ Regen+
                  | Str-2 SH+5}
 69485 | Crypt:3  | Identified the +7 quarterstaff "Ivuobro" {venom, ^Drain
                  | MP+9 Str+2}
 70048 | Depths:2 | Identified the ring "Nuepuox" {Ice ^Drain Dex+4}
 70048 | Depths:2 | Noticed Josephina
 70062 | Depths:2 | Noticed Vv
 70067 | Depths:2 | Killed Josephina
 70183 | Depths:2 | Killed Vv
 70428 | Depths:2 | Received a gift from Trog
 70602 | Zot:1    | Entered Level 1 of the Realm of Zot
 71325 | Zot:1    | Identified the orb of Liberty {*channel, Int+3 Tloc}
 71859 | Zot:2    | Reached XP level 25. HP: 245/245 MP: 23/23
 72231 | Zot:2    | Received a gift from Trog
 72287 | Zot:2    | Noticed an orb of fire
 72296 | Zot:2    | Gained mutation: You are clumsy. (Dex -2) [an orb of fire]
 72299 | Zot:2    | Gained mutation: You are dopey. (Int -2) [an orb of fire]
 72301 | Zot:2    | Killed an orb of fire
 72599 | Zot:3    | Reached skill level 24 in Fighting
 72671 | Zot:3    | Acquired 1314 gold pieces
 73159 | Zot:3    | Gained mutation: You sometimes lose your temper in combat.
                  | [a shining eye]
 73670 | Zot:3    | Lost mutation: You are dopey. (Int -2) [potion of mutation]
 73670 | Zot:3    | Lost mutation: You have a pair of small antennae on your
                  | head. [potion of mutation]
 73670 | Zot:3    | Lost mutation: Your large and strong wings let you fly.
                  | [potion of mutation]
 73670 | Zot:3    | Gained mutation: Your spells are a little easier to cast,
                  | but a little less powerful. [potion of mutation]
 73670 | Zot:3    | Gained mutation: You have sharp fingernails. [potion of
                  | mutation]
 73671 | Zot:3    | Lost mutation: You have sharp fingernails. [potion of
                  | mutation]
 73671 | Zot:3    | Lost mutation: Your spells are a little easier to cast, but
                  | a little less powerful. [potion of mutation]
 73671 | Zot:3    | Lost mutation: You are clumsy. (Dex -2) [potion of
                  | mutation]
 73671 | Zot:3    | Gained mutation: Your mind is acute. (Int +4, Str/Dex -1)
                  | [potion of mutation]
 73672 | Zot:3    | Lost mutation: You sometimes lose your temper in combat.
                  | [potion of mutation]
 73672 | Zot:3    | Lost mutation: Your mind is acute. (Int +4, Str/Dex -1)
                  | [potion of mutation]
 73672 | Zot:3    | Gained mutation: You are weak. (Str -2) [potion of
                  | mutation]
 73672 | Zot:3    | Gained mutation: You have large cloven feet. [potion of
                  | mutation]
 73672 | Zot:3    | Gained mutation: Your large and strong wings let you fly.
                  | [potion of mutation]
 74612 | Zot:4    | Received a gift from Trog
 74938 | Zot:5    | Entered Level 5 of the Realm of Zot
 75222 | Zot:5    | Reached XP level 26. HP: 255/256 MP: 23/23
 75899 | Zot:5    | Received a gift from Trog
 76063 | Zot:5    | Noticed a dread lich
 76078 | Zot:5    | Killed a dread lich
 76291 | Zot:5    | Noticed an orb of fire
 76294 | Zot:5    | Gained mutation: You do not regenerate when monsters are
                  | visible. [an orb of fire]
 76296 | Zot:5    | Killed an orb of fire
 76500 | Zot:5    | Noticed an orb of fire
 76521 | Zot:5    | Killed an orb of fire
 76522 | Zot:5    | Reached skill level 25 in Fighting
 76522 | Zot:5    | Reached skill level 10 in Evocations
 76534 | Zot:5    | Noticed an orb of fire
 76542 | Zot:5    | Gained mutation: Your spells are a little easier to cast,
                  | but a little less powerful. [an orb of fire]
 76546 | Zot:5    | Gained mutation: Your magical capacity is low. (-10% MP)
                  | [an orb of fire]
 76547 | Zot:5    | Killed an orb of fire
 76547 | Zot:5    | Noticed an orb of fire
 76553 | Zot:5    | Killed an orb of fire
 76555 | Zot:5    | Noticed an ancient lich
 76559 | Zot:5    | Noticed an ancient lich
 76566 | Zot:5    | Killed an ancient lich
 76572 | Zot:5    | Killed an ancient lich
 76580 | Zot:5    | Noticed an ancient lich
 76591 | Zot:5    | Killed an ancient lich
 76749 | Zot:5    | Lost mutation: You do not regenerate when monsters are
                  | visible. [potion of mutation]
 76749 | Zot:5    | Lost mutation: Your magical capacity is low. (-10% MP)
                  | [potion of mutation]
 76749 | Zot:5    | Lost mutation: Your large and strong wings let you fly.
                  | [potion of mutation]
 76749 | Zot:5    | Lost mutation: Your spells are a little easier to cast, but
                  | a little less powerful. [potion of mutation]
 76749 | Zot:5    | Gained mutation: You have hidden genetic potential. [potion
                  | of mutation]
 77539 | Zot:5    | Got the Orb of Zot
 77608 | Zot:3    | Noticed Ota Cebbep the pandemonium lord
 78058 | D:5      | Killed Eustachio
 78131 | D:1      | Received a gift from Trog
 78151 | D:1      | Identified the +2 robe "Jiajufid" {rF+ rCorr MP+9}
 78151 | D:1      | Noticed Boris
 78184 | D:$      | Escaped with the Orb!

Illustrated notes

Levels and vault maps discovered:
D:1:      onia_arrival_mini_spirals, layout_loops_corners
D:2:      layout_rooms, basic_altar
D:3:      layout_basic, roderic_lattice_a, st_stairs_9
D:4:      layout_basic, nicolae_ru_great_annihilating_truth,
          nicolae_dithmenos_shadow_blocks, minmay_temple_entry_purple_smoke,
          uniq_blork_the_orc
D:5:      layout_rooms, nicolae_overflow_hidden_temple, zin_purify,
          gup_ossuary_entry_pyramid, gammafunk_ghost_necromancy, uniq_eustachio,
          uniq_ijyb, uniq_pikel
D:6:      layout_rooms, nicolae_overflow_crystal_walls, nicolae_the_louvre
D:7:      cheibrodos_fertilizer, layout_basic, mainiacjoe_overflow_tiny_flanked
D:8:      layout_basic, nicolae_gozag_seed_capital,
          mainiacjoe_overflow_24_doors, erik_lair_orcish_takeover, serial_shops,
          shop_fountains, uniq_gastronok
D:9:      layout_roguey, lemuel_tele_altar, mainiacjoe_overflow_alcove_3,
          david_orc_4
D:10:     layout_cave_pools, serial_gnoll_camp, gnoll_camp_mini_hut,
          gnoll_camp_medium_02, grums_kennel, gnoll_camp_mini_shop,
          gnoll_camp_mini_hut, minmay_gold_behind_fungi,
          chequers_serial_rivers_micro_c, uniq_maurice
D:11:     layout_roguey, serial_shops, shop
D:12:     layout_gridville, gammafunk_ghost_cemetery, uniq_frances
D:13:     layout_gridville, gammafunk_ghost_fury_of_okawaru,
          serial_library_hellmonk_open_square, dreamdust_looks_like_rain
D:14:     layout_cave_pools, erik_vaults_2, nicolae_qazlal_scattered_showers,
          hangedman_abyss_or_decor_stagger, uniq_rupert
D:15:     hangedman_depths_entry_civil_slaughter, layout_layer_cave,
          serial_bayou_shore_a, nicolae_diode_basic
Lair:1:   layout_cave_shapes, cheibrodos_lair_lostbears
Lair:2:   layout_regular_city, elwin_shoals_entry_rooms,
          guppyfry_snake_entry_garden, st_stairs_12, roderic_batcave
Lair:3:   layout_cave_shapes, lemuel_fruit_fields
Lair:4:   layout_long_grid, minmay_slime_entry_jelly_boxes, grunt_megastairs_2
Lair:5:   evil_forest, layout_cave_pods
Shoals:1: layout_shoals
Shoals:2: layout_shoals
Shoals:3: layout_shoals
Shoals:4: shoals_end_grunt_ice, layout_shoals, lightli_airlock
Snake:1:  layout_basic, minmay_shop_star, uniq_asterion
Snake:2:  layout_cave_town, uniq_aizul, uniq_louise
Snake:3:  hangedman_cross_veins, layout_gridlike, nicolae_zig_zag_zippers
Snake:4:  snake_pit_salamanders_mu, layout_cave_shapes
Orc:1:    layout_caves, serial_shops, shop
Orc:2:    st_orc_open, layout_caves, serial_shops, shop, shop,
          nicolae_shop_gaudy_bauble, nicolae_shop_tiny_glass, shop,
          nicolae_volcano_entry_s_turn, maelrawn_ghost_gauntlet_escape,
          nicolae_orc_bridge_out
Elf:1:    nicolae_elf_arrival_no_cutting_in_line, layout_geoelf_octagon,
          serial_shops, shop_statue, shop, nicolae_shop_tiny_glass,
          nicolae_elf_crossing_hall
Elf:2:    nicolae_elf_blades_splatter_lattice [nicolae_blade_entry_antechamber],
          layout_loops_cross
Elf:3:    elf_hall_gauntlet_wide, layout_rooms, serial_shops,
          nicolae_shop_advertising_works [nicolae_subvault_shop_adworks],
          minmay_shop_grid_forest, fountainhead, nicolae_elf_stair_hall
Vaults:1: mu_enter_wizlab_3, vaults_room_door_ring, v_misc_27, v_misc_10,
          v_misc_30, ontoclasm_vaults_decontamination, ontoclasm_vaults_chip,
          nicolae_vaults_oval_intersection, layout_vaults_omnicross
Vaults:2: minmay_crypt_entry_simple_round, nicolae_vaults_double_plus_2,
          nicolae_vaults_sightless_eye, nicolae_vaults_frosty_reception,
          serial_library_hellmonk_reading_circle, grunt_vaults_funnel,
          vaults_room_semicircle, ontoclasm_vaults_pinch,
          ontoclasm_vaults_misaligned, grunt_vaults_trifunnel,
          nicolae_vaults_little_squares_5, vaults_mumra_chevron,
          nicolae_vaults_storage_closets_2, layout_vaults_maze_snakey
Vaults:3: vaults_room_grunt_arrival_ludios, hangedman_vaults_maws,
          ontoclasm_vaults_gallery, nicolae_vaults_what_the_h,
          layout_vaults_quadrants, uniq_donald, uniq_nikola
Vaults:4: nicolae_vaults_specimen_jars, hangedman_vaults_corner, serial_ice_m,
          ontoclasm_vaults_ring_square, nicolae_vaults_border_crossing,
          nicolae_vaults_layer_cake_slice, v_misc_30, hangedman_vaults_trim,
          nicolae_vaults_diamond_1, ontoclasm_vaults_misaligned,
          layout_vaults_omnibox, serial_shops, bzr_in_the_mist,
          nicolae_trove_entry_isolated
Vaults:5
Crypt:1:  layout_rooms, nicolae_crypt_booths_of_the_dead,
          grunt_crypt_arrival_webbed
Crypt:2:  layout_regular_city
Crypt:3:  david_glass_crypt, layout_misc_corridors,
          nicolae_tomb_entry_rubble_hallway, grunt_megastairs_5
Depths:1: layout_forbidden_donut, hell_entry, grunt_ministairs_8,
          kennysheep_generic_room_7, hangedman_decor_cross_pass,
          minmay_shop_grove, uniq_boris
Depths:2: kennysheep_bubbly, layout_gridlike, pf_coc_iceberg,
          grunt_pan_entry_zigzag, uniq_grunn, uniq_josephina, uniq_vv
Depths:3: minmay_octagon_keep, layout_honeycomb, enter_ziggurat_d,
          gammafunk_ghost_grave, abyss_entry, pf_hell_entry_tar_river,
          kennysheep_random_hallway, infiniplex_staircase_zigzag_2, uniq_mennas,
          uniq_norris
Depths:4: evilmike_zot_entry_round, layout_gridlike, hangedman_geh_valley,
          serial_corexii_hall, chequers_hall_statues_y,
          chequers_hall_statues_corner_a
Zot:1:    evilmike_crystal_ball_defense, layout_gridlike
Zot:2:    layout_twisted_circle
Zot:3:    layout_basic, hellmonk_body_bag
Zot:4:    layout_misc_corridors, regret_index_zotdec_dark_gr
Zot:5:    layout_twisted_circle, guppyfry_library_mini

Skill      XL: |  1  2  3  4  5  6  7  8  9 10 11 12 13 14 15 16 17 18 19 20 21 22 23 24 25 26 |
---------------+-------------------------------------------------------------------------------+-----
Dodging        | 3 4 5 6 7 8 9 10 11 12 13 14 15 16 17 18 | 18.9
Fighting       | 4 5 6 7 8 10 11 12 13 14 15 16 18 19 20 21 22 23 24 25 | 25.4
Long Blades    | 4 5 6 7 9 10 11 12 13 14 15 16 | 16.0
Throwing       | 1 2 3 4 6 7 8 9 10 11 12 13 15 17 18 19 20 | 20.1
Shields        | 4 6 7 9 11 12 14 15 16 17 18 19 20 21 22 | 22.0
Evocations     | 3 5 7 9 11 | 11.5
Shapeshifting  | 4 8 11 12 14 15 17 18 20 | 20.7

Action                     |  1- 3 |  4- 6 |  7- 9 | 10-12 | 13-15 | 16-18 | 19-21 | 22-24 | 25-27 || total
---------------------------+-------+-------+-------+-------+-------+-------+-------+-------+-------++-------
  Melee: Falchion          |    19 |       |       |       |       |       |       |       |       ||    19
         Long sword        |   114 |   194 |   606 |       |       |       |       |       |       ||   914
         Tailslap          |    13 |    14 |    88 |   119 |   267 |   408 |   305 |   449 |   299 ||  1962
         Scimitar          |       |       |     5 |   581 |       |       |       |       |       ||   586
         Demon blade       |       |       |       |   219 |  1331 |   878 |       |       |       ||  2428
         Double sword      |       |       |       |       |       |   874 |  1412 |  1713 |  1056 ||  5055
         Maw               |       |       |       |       |       |   449 |   551 |   625 |   497 ||  2122
         Unarmed           |       |       |       |       |       |     1 |       |       |       ||     1
  Throw: Dart              |       |     5 |     1 |     6 |    19 |     5 |       |       |       ||    36
         Boomerang         |       |       |       |    24 |    43 |     5 |    72 |    15 |       ||   159
         Javelin           |       |       |       |       |       |     3 |     4 |     3 |    15 ||    25
 Invoke: Berserk           |     2 |     1 |     8 |     7 |    15 |     8 |     2 |     1 |       ||    44
         Trog's Hand       |       |     1 |     7 |    14 |    18 |    22 |    12 |    14 |     6 ||    94
         Brothers in Arms  |       |       |       |     2 |       |     5 |     5 |     4 |     1 ||    17
Ability: Steam Breath      |       |       |     5 |     6 |     5 |     9 |     2 |     1 |     1 ||    29
         Evoke Blink       |       |       |       |       |       |       |     1 |     1 |       ||     2
         Begin Untransform |       |       |       |       |       |       |       |     1 |       ||     1
  Evoke: Wand              |       |       |       |     6 |    11 |    11 |       |     3 |     6 ||    37
         Gell's gravitambo |       |       |       |       |     1 |     1 |       |       |       ||     2
         Tin of tremorston |       |       |       |       |       |     1 |       |       |       ||     1
         Sack of spiders   |       |       |       |       |       |       |     1 |       |       ||     1
         Lightning rod     |       |       |       |       |       |       |       |       |     4 ||     4
    Use: Scroll            |     1 |     7 |       |    16 |    14 |    25 |     9 |     6 |     7 ||    85
         Potion            |       |       |     2 |     2 |     1 |    20 |    10 |     2 |    11 ||    48
   Stab: Sleeping          |     3 |     1 |     1 |       |       |     3 |     6 |     2 |     2 ||    18
         Paralysed         |       |     1 |       |       |       |       |       |       |       ||     1
         Distracted        |       |       |       |       |     1 |     1 |       |     7 |     1 ||    10
         Invisible         |       |       |       |       |       |     5 |       |     5 |       ||    10
 Armour: Skin              |    63 |   122 |   462 |   524 |   623 |   889 |   509 |   457 |   346 ||  3995
  Dodge: Dodged            |   116 |   130 |   466 |   514 |   482 |   714 |   588 |   791 |   494 ||  4295
  Block: Kite shield       |       |       |       |   340 |   346 |       |       |       |       ||   686
         Tower shield      |       |       |       |       |   426 |  1524 |  1441 |  2223 |  1215 ||  6829
         Reflection        |       |       |       |       |     9 |       |       |    24 |    26 ||    59
   Form: Maw               |       |       |       |       |       |     1 |     1 |     1 |       ||     3
         Statue            |       |       |       |       |       |       |       |     1 |       ||     1

Table legend: (Time is in decaauts)
 A = Elapsed time spent in this place.
 B = Non-inter-level travel time spent in this place.
 C = Inter-level travel time spent in this place.
 D = Time resting spent in this place.
 E = Time spent auto-exploring this place.
 F = Levels seen in this place.
 G = Mean time per level.
                   A        B        C        D        E       F      G
               +--------+--------+--------+--------+--------+-----+--------+
         Total |  78668 |  73336 |   5332 |  18363 |  37685 |  55 | 1430.3 |
       Dungeon |  18180 |  16116 |   2064 |   2969 |   9252 |  15 | 1212.0 |
          Lair |   7781 |   7170 |    611 |   1854 |   4036 |   5 | 1556.2 |
        Shoals |   9839 |   9713 |    126 |   3623 |   4345 |   4 | 2459.8 |
     Snake Pit |   3614 |   3422 |    192 |    111 |   2449 |   4 |  903.5 |
  Orcish Mines |   2904 |   2782 |    122 |   1099 |    799 |   2 | 1452.0 |
   Elven Halls |   3303 |   3120 |    183 |    442 |   1945 |   3 | 1101.0 |
        Vaults |  11307 |  10173 |   1134 |   2643 |   5136 |   5 | 2261.4 |
         Crypt |   4397 |   4236 |    161 |    531 |   2675 |   3 | 1465.7 |
        Depths |   5363 |   4857 |    506 |    228 |   3468 |   4 | 1340.8 |
           Zot |   6790 |   6561 |    229 |   1730 |   3084 |   5 | 1358.0 |
        Bazaar |    123 |    123 |      0 |      0 |     72 |   1 |  123.0 |
         Trove |     61 |     61 |      0 |      0 |      5 |   1 |   61.0 |
       Ossuary |    651 |    651 |      0 |    262 |    192 |   1 |  651.0 |
       Volcano |   1597 |   1597 |      0 |   1022 |     55 |   1 | 1597.0 |
        Wizlab |   2752 |   2752 |      0 |   1844 |    169 |   1 | 2752.0 |
               +--------+--------+--------+--------+--------+-----+--------+

Top non-repeatable levels by time:
Shoals:4: 3621 daAuts
Vaults:3: 2995 daAuts
     D:9: 2835 daAuts
  WizLab: 2752 daAuts
Vaults:5: 2506 daAuts
Vaults:1: 2503 daAuts
Shoals:2: 2395 daAuts
Shoals:3: 2210 daAuts
  Lair:5: 2112 daAuts
 Crypt:3: 2047 daAuts
Vaults:2: 1984 daAuts
  Lair:1: 1967 daAuts
   Zot:5: 1888 daAuts
   Elf:3: 1722 daAuts
  Lair:2: 1703 daAuts
